 Dungeon Crawl Stone Soup version 0.30-a0-830-gfe289a77b0 (webtiles) character file.

Game seed: 6921279548349385784

1964 zenocrate the Skirmisher (level 9, 0/68 HPs)
             Began as a Minotaur Hunter on Feb 28, 2023.
             Was a Follower of Makhleb.
             Succumbed to a water moccasin's poison
             ... on level 7 of the Dungeon.
             The game lasted 00:08:05 (7042 turns).

zenocrate the Skirmisher (Minotaur Hunter)          Turns: 7042, Time: 00:08:06

Health: 0/68       AC:  6    Str: 16    XL:     9   Next: 0%
Magic:  8/8        EV: 11    Int:  6    God:    Makhleb [*.....]
Gold:   520        SH:  0    Dex: 18    Spells: 6/8 levels left

rFire   . . .      SeeInvis .    a - +0 shortbow
rCold   . . .      Faith    .    (shield currently unavailable)
rNeg    . . .      Spirit   .    p - +0 ring mail of Eternal Vigilance {-Cast +Inv Regen+}
rPois   .          Reflect  .    (helmet restricted)
rElec   .          Harm     .    (no cloak)
rCorr   .          Rampage  .    (no gloves)
Will    .....      NoCast   +    (no boots)
Stlth   +                        (no amulet)
HPRegen 1.11/turn                (no ring)
MPRegen 0.11/turn                (no ring)

@: lethally poisoned (0 -> -4)
A: horns 2, retaliatory headbutt
a: Renounce Religion, Evoke Invisibility


You were on level 7 of the Dungeon.
You worshipped Makhleb.
Makhleb was aware of your devotion.
You visited 2 branches of the dungeon, and saw 8 of its levels.
You also visited: Sewer and Ossuary.

You collected 520 gold pieces.

Inventory:

Hand Weapons
 a - a +0 shortbow (weapon)
Armour
 p - the +0 ring mail of Eternal Vigilance (worn) {-Cast +Inv Regen+}
   (You found it in a sewer)

   +Inv:      It lets you turn invisible.
   -Cast:     It prevents spellcasting.
   Regen:     It increases your rate of health regeneration.
Jewellery
 g - a ring of ice
Wands
 r - a wand of flame (21)
 s - a wand of acid (6)
 w - a wand of mindburst (11)
Scrolls
 b - 2 scrolls of immolation
 d - 4 scrolls of teleportation
 f - a scroll of poison
 j - a scroll of fog
 q - a scroll of fear {unknown}
 u - a scroll of enchant armour {unknown}
 x - a scroll of blinking {unknown}
Potions
 c - 3 potions of curing
 e - 3 potions of might
 h - a potion of berserk rage
 i - a potion of lignification
 k - a potion of cancellation
 m - 3 potions of brilliance
 n - a potion of haste {unknown}
 o - 3 potions of invisibility {unknown}
 t - 2 potions of resistance {unknown}
 v - 2 potions of heal wounds


   Skills:
 - Level 2.4 Fighting
 + Level 12.6 Ranged Weapons
 - Level 4.9 Armour
 - Level 2.1 Dodging
 - Level 0.7 Stealth


You had 6 spell levels left.
You knew the following spells:

 Your Spells              Type           Power      Damage    Failure   Level
a - Wereblood             Tmut           0%         N/A       80%         2

Your spell library contained the following spells:

 Spells                   Type           Power      Damage    Failure   Level
 Beastly Appendage        Tmut           0%         N/A       65%         1
 Foxfire                  Conj/Fire      0%         2x1d4     65%         1
 Freeze                   Ice            0%         1d3       65%         1
 Magic Dart               Conj           0%         1d3       65%         1
 Summon Small Mammal      Summ           0%         N/A       65%         1
 Call Imp                 Summ           0%         N/A       80%         2
 Cigotuvi's Dreadful Rot  Necr/Pois/Air  0%         N/A       80%         2
 Poisonous Vapours        Pois/Air       0%         N/A       80%         2
 Mephitic Cloud           Conj/Pois/Air  0%         N/A       95%         3
 Spider Form              Tmut/Pois      0%         N/A       95%         3
 Sticky Flame             Conj/Fire      0%         2d3       100%        4
 Summon Ice Beast         Ice/Summ       0%         N/A       100%        4
 Malign Gateway           Summ/Tloc      0%         N/A       100%        7
 Summon Horrible Things   Summ           0%         N/A       100%        8


Dungeon Overview and Level Annotations

Branches:
Dungeon (7/15)             Temple (1/1) D:4           Sewer (visited)
Ossuary (visited)

Altars:
Ashenzari
Cheibriados
Dithmenos
Elyvilon
Fedhas
Gozag
Kikubaaqudgha
Makhleb
Nemelex Xobeh
Okawaru
Qazlal
Ru
Sif Muna
Trog
Uskayaw
Vehumet
Wu Jian
Yredelemnul
Zin

Shops:
D:3 =   D:4 =


Innate Abilities, Weirdness & Mutations

You have a pair of horns on your head.
You reflexively headbutt those who attack you in melee.


Message History

The wyvern closely misses you.
The water moccasin bites you but does no damage.
The wyvern bites you.
* * * LOW HITPOINT WARNING * * *
The water moccasin bites you but does no damage.
The wyvern bites you!
* * * LOW HITPOINT WARNING * * *
You barely miss the wyvern.
The wyvern is almost dead.
You feel less invigorated.
You feel less confused. The wyvern closely misses you.
The water moccasin bites you.
* * * LOW HITPOINT WARNING * * *
The wyvern closely misses you. You furiously retaliate!
You headbutt the wyvern.
You kill the wyvern!
Makhleb accepts your kill.
You feel better.
The water moccasin bites you but does no damage.
You have reached level 9!
Your experience leads to an increase in your attributes!
Increase (S)trength, (I)ntelligence, or (D)exterity?
You feel agile. x2
You shoot an arrow. The arrow hits the water moccasin!
The water moccasin is moderately wounded.
The water moccasin misses you.
You shoot an arrow.
The arrow barely misses the water moccasin.
The water moccasin bites you.
* * * LOW HITPOINT WARNING * * *
You shoot an arrow.
The arrow completely misses the water moccasin.
The water moccasin bites you.
* * * LOW HITPOINT WARNING * * *
You are poisoned.
The water moccasin poisons you! The water moccasin bites you!
* * * LOW HITPOINT WARNING * * *
You shoot an arrow. The arrow hits the water moccasin!
The water moccasin is heavily wounded.
You die...

.....##
##..............
##..## #.
#...############
#### #. #..##
#.. #...### #..#
#......
##...##.....
##.........#
#.....†.S..##
#......@....#
#...#...##...# #
##..# ..# #..# .
#..# #..# #..#
#...


You could see a water moccasin.

Vanquished Creatures
  A wyvern (D:7)
  2 wraiths (Ossuary)
  4 water moccasins
  2 black bears (D:6)
  2 ogres
  A centaur (D:5)
  2 phantoms (D:7)
  A necrophage (D:4)
  3 wights (Ossuary)
  2 hounds
  An iguana (D:5)
  An orc wizard (D:4)
  4 gnolls
  7 adders
  A shadow imp (D:5)
  2 white imps (D:6)
  2 ufetubi
  An adder zombie (Ossuary)
  2 worms
  4 dart slugs (D:1)
  5 orcs
  6 ball pythons
  5 endoplasms
  7 giant cockroaches
  4 goblins
  7 hobgoblins
  4 jackals (D:2)
  5 quokkas
  2 ball python skeletons (Ossuary)
  5 bats
  6 frilled lizards
  3 hobgoblin skeletons (Ossuary)
  A hobgoblin zombie (Ossuary)
  6 kobolds
  An orc zombie (Ossuary)
  6 rats
118 creatures vanquished.

Notes
Turn   | Place    | Note
-------+----------+-------------------------------------------
     0 | D:1      | zenocrate the Minotaur Hunter began the quest for the Orb.
     0 | D:1      | Reached XP level 1. HP: 18/18 MP: 0/0
   197 | D:1      | Reached XP level 2. HP: 25/25 MP: 1/1
   202 | D:1      | Reached skill level 5 in Ranged Weapons
   318 | D:1      | Found a faded altar of an unknown god.
   515 | D:1      | Reached XP level 3. HP: 30/30 MP: 2/2
   885 | D:2      | Reached skill level 6 in Ranged Weapons
   901 | D:2      | Reached XP level 4. HP: 18/37 MP: 3/3
   999 | D:2      | Found a shadowy altar of Dithmenos.
  1345 | D:3      | Found Ophar's One-of-a-Kind Rings.
  1426 | D:3      | Noticed a water moccasin
  1437 | D:3      | Killed a water moccasin
  1438 | D:3      | Reached skill level 7 in Ranged Weapons
  1438 | D:3      | Reached XP level 5. HP: 14/42 MP: 4/4
  2144 | D:3      | Found a bloodstained altar of Trog.
  2147 | D:3      | Found a hide-covered altar of Uskayaw.
  2747 | D:3      | Upgraded the game from 0.30-a0-824-g6c64550be9 to
                  | 0.30-a0-830-gfe289a77b0
  2949 | D:4      | Found a staircase to the Ecumenical Temple.
  2963 | Temple   | Entered the Ecumenical Temple
  3148 | Temple   | Became a worshipper of Makhleb the Destroyer
  3166 | D:4      | Found a broken altar of Ashenzari.
  3199 | D:4      | Found Wixki's Jewellery Boutique.
  3219 | D:4      | Reached skill level 8 in Ranged Weapons
  3219 | D:4      | Reached XP level 6. HP: 21/49 MP: 5/5
  3533 | D:4      | Noticed a water moccasin
  3545 | D:4      | HP: 1/50 [water moccasin (6)]
  3549 | D:4      | Killed a water moccasin
  3550 | D:4      | Reached skill level 9 in Ranged Weapons
  3740 | D:4      | Reached XP level 7. HP: 28/56 MP: 6/6
  4250 | D:4      | Found a snail-covered altar of Cheibriados.
  4282 | D:4      | Learned a level 2 spell: Wereblood
  4319 | D:5      | Entered Level 5 of the Dungeon
  4477 | D:5      | Found a glowing drain.
  4478 | D:5      | Found an ancient bone altar of Kikubaaqudgha.
  4496 | D:5      | Got Jihivoklef's Tome of the Glacial Sun
  4519 | Sewer    | Entered a sewer
  4522 | Sewer    | Reached skill level 10 in Ranged Weapons
  4633 | Sewer    | Identified the +0 ring mail of Eternal Vigilance {-Cast
                  | +Inv Regen+}
  4854 | D:5      | Reached * piety under Makhleb
  5096 | D:5      | Reached skill level 1 in Armour
  5322 | D:6      | Found a sacrificial altar of Ru.
  5453 | D:6      | Found a shimmering blue altar of Sif Muna.
  5468 | D:6      | Reached XP level 8. HP: 62/62 MP: 7/7
  5554 | D:6      | Found a sand-covered staircase.
  5559 | Ossuary  | Entered an ossuary
  5676 | Ossuary  | Noticed a flying skull
  5694 | Ossuary  | Noticed a flying skull
  5710 | Ossuary  | Noticed a flying skull
  5743 | Ossuary  | Noticed a flying skull
  5799 | Ossuary  | Reached skill level 11 in Ranged Weapons
  6216 | D:6      | Found a glowing silver altar of Zin.
  6217 | D:6      | Noticed an angel
  6609 | D:6      | Reached skill level 12 in Ranged Weapons
  6823 | D:7      | Found a white marble altar of Elyvilon.
  7006 | D:7      | Got the Directory of the Escort
  7039 | D:7      | Reached XP level 9. HP: 14/68 MP: 8/8
  7041 | D:7      | HP: 2/68 [water moccasin (8)]
  7042 | D:7      | Succumbed to a water moccasin's poison

Illustrated notes

Levels and vault maps discovered:
D:1:      elethiomel_arrival_maze, layout_loops_ring,
          shapermc_ecumenical_altar_mp_highgroup
D:2:      layout_basic, basic_altar, grunt_decor_one_mirror
D:3:      layout_basic, nicolae_overflow_squiral, serial_bayou_pond_e,
          nicolae_shop_unique_rings
D:4:      layout_gridville, slow_altar_2, cheibrodos_ashenzari_chains,
          minmay_temple_entry_offerings, serial_shops, nicolae_square_shop
D:5:      layout_basic, mainiacjoe_overflow_alcove_1, portal_sewer_entry_f
D:6:      layout_basic, zin_angel, amcnicky_altar_gilded,
          nicolae_ru_awakened_eye, nicolae_ossuary_entry_false_entrances,
          nrook_loot_triangle
D:7:      layout_layer_cave, elyvilon_altar_5, led_xom_imps,
          overflow_temple_1_default
Temple:   compressed_dpeg_triangle_lava_temple

Skill      XL: |  1  2  3  4  5  6  7  8 |
---------------+-------------------------+-----
Ranged Weapons | 5 6 7 8 9 10 12 | 12.6
Armour         | 2 4 |  4.9
Fighting       | |  2.4
Dodging        | |  2.1
Stealth        | |  0.7

Action                     |  1- 3 |  4- 6 |  7- 9 || total
---------------------------+-------+-------+-------++-------
  Melee: Shortbow          |       |       |     2 ||     2
   Fire: Shortbow          |    93 |   139 |   208 ||   440
  Evoke: Wand              |       |       |     1 ||     1
    Use: Scroll            |     1 |     4 |     7 ||    12
         Potion            |       |     5 |     3 ||     8
 Armour: Leather armour    |     3 |     5 |    13 ||    21
         Ring mail         |       |       |    30 ||    30
  Dodge: Dodged            |    23 |    51 |   101 ||   175

Table legend: (Time is in decaauts)
 A = Elapsed time spent in this place.
 B = Non-inter-level travel time spent in this place.
 C = Inter-level travel time spent in this place.
 D = Time resting spent in this place.
 E = Time spent auto-exploring this place.
 F = Levels seen in this place.
 G = Mean time per level.
                   A        B        C        D        E       F      G
               +--------+--------+--------+--------+--------+-----+--------+
         Total |   7146 |   6986 |    160 |    301 |   5660 |  10 |  714.6 |
       Dungeon |   6368 |   6227 |    141 |    258 |   5182 |   7 |  909.7 |
        Temple |    196 |    177 |     19 |      0 |    168 |   1 |  196.0 |
         Sewer |    179 |    179 |      0 |      0 |    111 |   1 |  179.0 |
       Ossuary |    401 |    401 |      0 |     43 |    198 |   1 |  401.0 |
               +--------+--------+--------+--------+--------+-----+--------+

Top non-repeatable levels by time:
     D:3: 1530 daAuts
     D:4: 1275 daAuts
     D:6: 1141 daAuts
     D:5: 787 daAuts
     D:1: 736 daAuts
     D:2: 627 daAuts
 Ossuary: 401 daAuts
     D:7: 269 daAuts
  Temple: 196 daAuts
   Sewer: 179 daAuts
